 Dungeon Crawl Stone Soup version 0.25-a0-781-gc44aebf4fe (webtiles) character file.

Game seed: 11875245561628244215, levelgen mode: deterministic

34 15rune the Chopper (level 3, 0/49 HPs)
             Began as a Minotaur Berserker on Apr 16, 2020.
             Was a Believer of Trog.
             Slain by Robin
             ... wielding a +1 vorpal spear
              (4 damage)
             ... on level 2 of the Dungeon.
             The game lasted 00:01:04 (815 turns).

15rune the Chopper (Minotaur Berserker)              Turns: 815, Time: 00:01:05

Health: 0/49       AC:  2    Str: 22    XL:     3   Next: 14%
Magic:  2/2        EV: 12    Int:  4    God:    Trog [**....]
Gold:   26         SH:  0    Dex:  9    Spells: 2/2 levels left

rFire    . . .     SeeInvis .   a - +0 hand axe
rCold    . . .     Gourm    .   (no shield)
rNeg     . . .     Faith    .   b - +0 animal skin
rPois    .         Spirit   .   (helmet restricted)
rElec    .         Reflect  .   (no cloak)
rCorr    .         Harm     .   (no gloves)
MR       .....                  (no boots)
Stlth    ..........             (no amulet)
HPRegen  0.16/turn              (no ring)
MPRegen  0.08/turn              (no ring)

@: berserking, lethally poisoned (0 -> -6), very quick
A: retaliatory headbutt, horns 2
a: Berserk, Trog's Hand, Renounce Religion


You were on level 2 of the Dungeon.
You worshipped Trog.
Trog was pleased with you.
You were hungry.

You visited 1 branch of the dungeon, and saw 2 of its levels.

You collected 26 gold pieces.

Inventory:

Hand Weapons
 a - a +0 hand axe (weapon)
Armour
 b - a +0 animal skin (worn)
Scrolls
 f - a scroll of teleportation {unknown}
Potions
 d - a potion of curing {unknown}
 e - a potion of flight {unknown}
Comestibles
 c - 6 rations


   Skills:
 + Level 4.2 Fighting
 + Level 4.2 Axes
 + Level 3.2 Armour
 - Level 2.2 Dodging


You had 2 spell levels left.
You didn't know any spells.
Your spell library was empty.

Dungeon Overview and Level Annotations

Branches:
Dungeon (2/15)

Altars:

Annotations:
D:2 Robin


Innate Abilities, Weirdness & Mutations

You reflexively headbutt those who attack you in melee.
You have a pair of horns on your head.


Message History

Trog accepts your kill.
You closely miss the goblin. The hobgoblin barely misses you.
The goblin hits you with a +0 dagger of venom.
* * * LOW HITPOINT WARNING * * *
You are poisoned.
The hobgoblin closely misses you. You furiously retaliate!
You headbutt the hobgoblin!
You kill the hobgoblin!
Trog accepts your kill.
You can now call upon Trog for regeneration and magic resistance.
The goblin hits you with a +0 club!
* * * LOW HITPOINT WARNING * * *
You slash the hobgoblin!
You kill the hobgoblin!
Trog accepts your kill.
You closely miss the goblin. You miss the goblin.
* * * LOW HITPOINT WARNING * * *
You feel sick.
Robin hits you from afar with a +1 vorpal spear.
You die... ####+#### ....... ggg.. ggg

##†##
##)@g##
#.g†..#
#....†..#
#.......#
#...!...#
##.....##
##...##
#####


You could see Robin, 3 hobgoblins and 4 goblins.

Vanquished Creatures
  2 dart slugs (D:1)
  2 leopard geckos (D:1)
  3 bats (D:1)
  2 goblins
  5 hobgoblins
  3 jackals (D:2)
  A frilled lizard (D:1)
  6 kobolds (D:1)
  2 rats
26 creatures vanquished.

Notes
Turn   | Place    | Note
-------+----------+-------------------------------------------
     0 | D:1      | 15rune the Minotaur Berserker began the quest for the Orb.
     0 | D:1      | Reached XP level 1. HP: 19/19 MP: 0/0
    87 | D:1      | Reached XP level 2. HP: 24/27 MP: 1/1
   805 | D:2      | Reached XP level 3. HP: 24/33 MP: 2/2
   809 | D:2      | Noticed Robin
   814 | D:2      | Reached ** piety under Trog
   815 | D:2      | Slain by Robin

Levels and vault maps discovered:
D:1:      saegor_arrival_simple_b, layout_loops_corners, roderic_lattice_a
D:2:      kennysheep_six_static_rooms, layout_rooms, marbit_many_paths,
          kennysheep_nub, uniq_natasha, uniq_robin

Skill      XL: |  1  2 |
---------------+-------+-----
Fighting       | 4 |  4.2
Axes           | 4 |  4.2
Armour         | 3 |  3.2
Dodging        | |  2.2

Action                   || total
-------------------------++-------
Melee: Hand axe          ||    48
       Headbutt          ||     6
Invok: Berserk           ||     1
Armor: Animal skin       ||    16
Dodge: Dodged            ||    41

Table legend:
 A = Non-vault XP
 B = Vault XP
 C = Vault XP percentage of total XP
 D = Non-vault monster count
 E = Vault monster count
 F = Vault count percentage of total count
                 A         B        C        D         E       F
            +---------+---------+-------+---------+---------+-------
      Total |      42 |       7 |  14.3 |      22 |       4 |  15.4
            +---------+---------+-------+---------+---------+-------
        D:1 |      36 |       0 |   0.0 |      19 |       0 |   0.0
        D:2 |       6 |       7 |  53.8 |       3 |       4 |  57.1
            +---------+---------+-------+---------+---------+-------
